 Dungeon Crawl Stone Soup version 0.20-a0-641-g673355a (webtiles) character file.

298 krabocopter the Spear-Bearer (level 6, 0/48 HPs)
             Began as a Merfolk Gladiator on Feb 13, 2017.
             Was a Follower of Ashenzari.
             Slain by Edmund
             ... wielding a +2 flail of draining
              (3 damage)
             ... on level 4 of the Dungeon.
             The game lasted 00:08:28 (3178 turns).

krabocopter the Spear-Bearer (Merfolk Gladiator)    Turns: 3178, Time: 00:08:28

Health: 0/48       AC:  4    Str: 16    XL:     6   Next: 36%
Magic:  6/6        EV: 12    Int:  7    God:    Ashenzari [*.....]
Gold:   218        SH:  0    Dex: 16    Spells: 5/5 levels left

rFire    . . .     SeeInvis .   a - +0 trident
rCold    . . .     Gourm    .   b - +0 leather armour
rNeg     . . .     Faith    .   (no shield)
rPois    .         Spirit   .   c - +0 helmet
rElec    .         Reflect  .   (no cloak)
rCorr    .         Harm     .   (no gloves)
MR       .....                  (no boots)
Stlth    +.........             (no amulet)
Regen    0.2/turn               (no ring)
MPRegen  0.1/turn               (no ring)

@: flying (expiring), very slightly contaminated, heavily drained
A: change form in water, swift swim, stealthy swim
a: Curse Item, Scrying, Renounce Religion


You were on level 4 of the Dungeon.
You worshipped Ashenzari.
Ashenzari was aware of your devotion.
You were not hungry.

You visited 1 branch of the dungeon, and saw 4 of its levels.

You collected 218 gold pieces.

Inventory:

Hand Weapons
 a - a +0 trident (weapon)
Missiles
 d - 3 throwing nets (quivered)
Armour
 b - a +0 leather armour (worn)
 c - a +0 helmet (worn)
Jewellery
 v - an uncursed amulet of rage
Wands
 m - a wand of random effects (14/48)
Scrolls
 e - 2 scrolls of teleportation {unknown}
 h - a scroll of amnesia {unknown}
 j - a scroll of recharging {unknown}
 k - 2 scrolls of identify
 l - 5 scrolls of remove curse
 r - a scroll of magic mapping {unknown}
Potions
 n - a potion of might
 o - a potion of brilliance {unknown}
 p - 2 potions of resistance
 t - a potion of curing {unknown}
 u - a potion of ambrosia
 w - 2 potions of mutation
 x - a potion of heal wounds {unknown}
Comestibles
 f - 5 bread rations
 q - a chunk of flesh
 s - a royal jelly
 z - a meat ration


   Skills:
 + Level 4.1(1.8) Fighting
 * Level 8.8(6.2) Polearms
 - Level 2.0(0.0) Throwing
 - Level 4.0(1.7) Dodging


You had 5 spell levels left.
You didn't know any spells.

Dungeon Overview and Level Annotations

Branches:
Dungeon (4/15)
 Temple: D:4-7

Altars:
Ashenzari
Fedhas
Makhleb
Okawaru
Qazlal
Sif Muna
Trog
Zin

Annotations:
D:4 Edmund


Message History

You hit Edmund but do no damage. You hit Edmund.
Your extra speed is starting to run out.
You catch the helpless Edmund completely off-guard!
You hit Edmund but do no damage.
You catch the helpless Edmund completely off-guard!
You hit Edmund but do no damage. You hit Edmund but do no damage.
You catch the helpless Edmund completely off-guard!
You hit Edmund but do no damage. You hit Edmund.
Edmund seems less confused.
Edmund closely misses you.
You hit Edmund but do no damage.
You feel yourself slow down.
You hit Edmund.
You are starting to lose your buoyancy.
Edmund hits you with a flail of draining.
* * * LOW HITPOINT WARNING * * *
You feel drained.
You die...

........# #.## ........# #.#
........## #.# .........# #.#
.........## ##.# ..........# #.##
.......<..# #.# ...
(.........##########.# .....
................@....## #......
..........#####.@.....####.......
........### ######....#........
......### #.............. ....###
##.............# .####
#..............# ..#
##.............# #.######
##..###.........# #..##..# #..##
#####....[.#


You could see Edmund.

Vanquished Creatures
  Natasha (thrice) (D:4)
  3 worker ants (D:4)
  7 adders
  An ooze (D:4)
  A dart slug (D:1)
  5 leopard geckos
  3 orcs (D:3)
  7 giant cockroaches
  9 goblins
  9 hobgoblins
  2 jackals (D:1)
  2 quokkas (D:4)
  5 bats
  3 frilled lizards
  12 kobolds
  A quokka skeleton (D:4)
  3 rats
76 creatures vanquished.

Notes
Turn   | Place    | Note
-------+----------+-------------------------------------------
     0 | D:1      | krabocopter the Merfolk Gladiator began the quest for the Orb.
     0 | D:1      | Reached XP level 1. HP: 16/16 MP: 1/1
    51 | D:1      | Reached XP level 2. HP: 23/23 MP: 2/2
    93 | D:1      | Reached skill level 5 in Polearms
   384 | D:1      | Reached XP level 3. HP: 22/28 MP: 3/3
   668 | D:2      | Found a glowing silver altar of Zin.
   705 | D:2      | Found a shattered altar of Ashenzari.
   714 | D:2      | Became a worshipper of Ashenzari the Shackled
   749 | D:2      | Reached skill level 6 in Polearms
  1022 | D:2      | Found a bloodstained altar of Trog.
  1123 | D:2      | Reached XP level 4. HP: 28/35 MP: 4/4
  1405 | D:3      | Found a deep blue altar of Sif Muna.
  1405 | D:3      | Found an iron altar of Okawaru.
  1414 | D:3      | Found a burning altar of Makhleb.
  1600 | D:3      | Reached skill level 7 in Polearms
  1609 | D:3      | Reached XP level 5. HP: 31/41 MP: 5/5
  2206 | D:4      | Noticed Natasha
  2239 | D:4      | Reached skill level 8 in Polearms
  2245 | D:4      | Killed Natasha
  2245 | D:4      | Reached XP level 6. HP: 38/48 MP: 6/6
  2317 | D:4      | Noticed Natasha
  2322 | D:4      | Killed Natasha
  2380 | D:4      | Reached * piety under Ashenzari
  2402 | D:4      | Found a stormy altar of Qazlal.
  2682 | D:4      | Noticed Natasha
  2697 | D:4      | Killed Natasha
  2984 | D:4      | Found a blossoming altar of Fedhas.
  3113 | D:4      | Noticed Edmund
  3178 | D:4      | Slain by Edmund

Vault maps used:
D:1:      mainiacjoe_arrival_reflecting_pool, serial_bayou_lagoon_a,
          minmay_misc_feat_tower
D:2:      old_standard_altar, lemuel_coloured_pillars_altar,
          kennysheep_nondescript, ashenzari_altar_1
D:3:      gammafunk_temple_overflow_forgotten, first_bread
D:4:      kennysheep_mini, fedhas_altar_1, uniq_natasha, uniq_edmund

Skill      XL: |  1  2  3  4  5  6 |
---------------+-------------------+-----
Polearms       | 5 6 7 8 |  8.8
Fighting       | 3 4 |  4.1
Throwing       | |  2.0
Dodging        | |  4.0

Action                   |  1- 3 |  4- 6 || total
-------------------------+-------+-------++-------
Melee: Trident           |   110 |   167 ||   277
Evoke: Wand              |       |     1 ||     1
  Use: Potion            |       |     6 ||     6
       Scroll            |       |     3 ||     3
 Stab: Sleeping          |     2 |     3 ||     5
       Distracted        |     1 |       ||     1
       Confused          |       |     4 ||     4
  Eat: Chunk             |     1 |     6 ||     7
Armor: Leather armour    |    12 |    19 ||    31
Dodge: Dodged            |    34 |    80 ||   114
